 Dungeon Crawl Stone Soup version 0.26.1-2-gb8aa6d0cf2 (webtiles) character file.

Game seed: 3543123047154454994

1050 Gadfly the Fanfare of Bloodshed (level 8, -1/60 HPs)
             Began as a Demonspawn Monk on Feb 9, 2021.
             Was a Believer of Makhleb.
             Slain by an ogre
             ... wielding a +0 giant club
              (11 damage)
             ... on level 6 of the Dungeon.
             The game lasted 00:07:23 (6407 turns).

Gadfly the Fanfare of Bloodshed (Demonspawn Monk)   Turns: 6407, Time: 00:07:24

Health: -1/60      AC: 13    Str: 13      XL:     8   Next: 5%
Magic:  0/12       EV:  7    Int: 12      God:    Makhleb [**....]
Gold:   163        SH:  0    Dex: 14 (16) Spells: 7/7 levels left

rFire    . . .     SeeInvis .   a - +2 hand axe (vorpal)
rCold    . . .     Faith    .   (no shield)
rNeg     . . .     Spirit   +   q - +0 chain mail
rPois    .         Reflect  .   (no helmet)
rElec    .         Harm     .   (no cloak)
rCorr    .         Rampage  .   (no gloves)
Will     .....                  h - +1 pair of boots
Stlth    ..........             g - amulet of guardian spirit
HPRegen  0.20/turn              (no ring)
MPRegen  0.13/turn              (no ring)

@: lethally poisoned (-1 -> -5)
A: hooves 1, icy blue scales 1, miasma immunity
a: Renounce Religion, Minor Destruction


You were on level 6 of the Dungeon.
You worshipped Makhleb.
Makhleb was pleased with you.
You visited 2 branches of the dungeon, and saw 7 of its levels.

You collected 163 gold pieces.

Inventory:

Hand Weapons
 a - a +2 vorpal hand axe (weapon)
 b - a +4 flail of protection
 m - a +0 war axe
Armour
 h - a +1 pair of boots (worn)
 q - a +0 chain mail (worn)
Jewellery
 g - an amulet of guardian spirit (around neck)
Scrolls
 f - a scroll of identify
 i - 3 scrolls of remove curse
 j - 2 scrolls of enchant weapon
 k - 3 scrolls of teleportation
Potions
 c - a potion of curing
 d - 3 potions of might
 l - a potion of berserk rage
 n - 2 potions of attraction
 o - a potion of flight
 p - a potion of haste


   Skills:
 + Level 3.7 Fighting
 * Level 4.9 Axes
 + Level 4.0 Armour
 - Level 2.6 Dodging
 - Level 1.7 Stealth
 + Level 5.6 Invocations
 + Level 4.2 Evocations


You had 7 spell levels left.
You didn't know any spells.
Your spell library was empty.

Dungeon Overview and Level Annotations

Branches:
Dungeon (6/15)             Temple (1/1) D:4

Altars:
Dithmenos
Fedhas
Hepliaklqana
Kikubaaqudgha
Makhleb
Okawaru
Sif Muna
Trog
Uskayaw
Vehumet
Xom
Yredelemnul


Innate Abilities, Weirdness & Mutations

You have large cloven feet.
You are partially covered in icy blue scales. (AC +2)
You are immune to miasma.


Message History

The worker ant bites you but does no damage.
The ogre hits you with a +0 giant club!
You feel better. The worker ant bites you.
You are poisoned.
The worker ant poisons you! The ogre hits you with a +0 giant club!
* * * LOW HITPOINT WARNING * * *
You hit the ogre.
The ogre is heavily wounded.
You barely miss the worker ant.
You feel sick. The worker ant bites you.
* * * LOW HITPOINT WARNING * * *
The worker ant completely misses you. The ogre hits you but does no damage.
Unknown command.
You hit the worker ant but do no damage.
The worker ant is almost dead.
You hit the ogre.
You feel sick.
The worker ant bites you but does no damage.
You barely miss the worker ant.
The worker ant is almost dead.
You hit the ogre.
You feel sick. The ogre hits you with a +0 giant club!
You die...

.# ....
##.##...
#......##
.......##
.......##.
#.........
#.......#
#.OB..#
##@..##
#.....#
#.....#
##.#### ##


You could see an ogre and a worker ant.

Vanquished Creatures
  Sigmund (D:4)
  Edmund (D:5)
  A phantom (D:4)
  A bullfrog (D:6)
  A scorpion (D:4)
  2 vampire bats (D:5)
  A quasit (D:5)
  A centaur zombie (D:5)
  2 bullfrog skeletons
  A centaur skeleton (D:4)
  2 orc priests
  An iguana (D:4)
  A worker ant (D:5)
  A killer bee zombie (D:6)
  A gnoll (D:2)
  3 adders
  A shadow imp (D:5)
  2 white imps
  An ooze (D:2)
  An adder skeleton (D:4)
  2 dart slugs (D:3)
  4 worms
  4 leopard geckos
  16 orcs
  4 bat skeletons (D:5)
  2 bat zombies (D:5)
  12 giant cockroaches
  9 goblins
  6 hobgoblins
  11 jackals
  A quokka (D:4)
  3 ball pythons
  10 bats
  5 frilled lizards
  9 kobolds
  9 rats
133 creatures vanquished.

Notes
Turn   | Place    | Note
-------+----------+-------------------------------------------
     0 | D:1      | Gadfly the Demonspawn Monk began the quest for the Orb.
     0 | D:1      | Reached XP level 1. HP: 18/18 MP: 1/1
   257 | D:1      | Reached skill level 1 in Invocations
   257 | D:1      | Gained mutation: You are partially covered in icy blue
                  | scales. (AC +2) [demonic ancestry]
   257 | D:1      | Reached XP level 2. HP: 7/24 MP: 2/2
   656 | D:1      | Reached skill level 1 in Armour
   709 | D:1      | Reached skill level 1 in Evocations
  1021 | D:1      | Gained mutation: You are immune to miasma. [demonic
                  | ancestry]
  1021 | D:1      | Reached XP level 3. HP: 29/29 MP: 4/4
  1433 | D:2      | Reached skill level 2 in Invocations
  1659 | D:2      | Gained mutation: You have large cloven feet. [demonic
                  | ancestry]
  1659 | D:2      | Reached XP level 4. HP: 17/35 MP: 2/5
  2446 | D:3      | Reached skill level 3 in Invocations
  2446 | D:3      | Reached XP level 5. HP: 38/41 MP: 5/7
  2471 | D:3      | Found a radiant altar of Vehumet.
  3303 | D:4      | Noticed Sigmund
  3600 | D:4      | Killed Sigmund
  3601 | D:4      | Reached skill level 4 in Invocations
  3601 | D:4      | Reached XP level 6. HP: 38/47 MP: 6/9
  3915 | D:4      | Found a staircase to the Ecumenical Temple.
  3928 | Temple   | Entered the Ecumenical Temple
  4112 | Temple   | Became a worshipper of Makhleb the Destroyer
  4112 | Temple   | Reached * piety under Makhleb
  4112 | Temple   | Reached ** piety under Makhleb
  4765 | D:4      | Reached XP level 7. HP: 40/52 MP: 8/10
  4931 | D:5      | Entered Level 5 of the Dungeon
  5491 | D:5      | Reached skill level 5 in Invocations
  5493 | D:5      | Noticed Edmund
  5517 | D:5      | Killed Edmund
  5646 | D:5      | Found an ancient bone altar of Kikubaaqudgha.
  6236 | D:6      | Reached XP level 8. HP: 43/60 MP: 9/12
  6407 | D:6      | Slain by an ogre

Illustrated notes

Levels and vault maps discovered:
D:1:      minmay_arrival_wavy_path, layout_basic
D:2:      layout_basic, minmay_tetromino_s2
D:3:      layout_loops_ring, vehumet_crystals
D:4:      layout_basic, minmay_temple_entry_grid, minivault_19, uniq_sigmund
D:5:      layout_gridville, kennysheep_vampire_church, grunt_tough_drop,
          uniq_edmund
D:6:      layout_cave_pools, uniq_menkaure
Temple:   grunt_temple_mini_profane

Skill      XL: |  1  2  3  4  5  6  7  8 |
---------------+-------------------------+-----
Invocations    | 1 2 3 4 5 |  5.6
Armour         | 1 2 3 4 |  4.0
Evocations     | 1 2 3 4 |  4.2
Axes           | 3 4 |  4.9
Fighting       | |  3.7
Dodging        | |  2.6
Stealth        | |  1.7

Action                   |  1- 3 |  4- 6 |  7- 9 || total
-------------------------+-------+-------+-------++-------
Melee: Hand axe          |   136 |   210 |   138 ||   484
Invok: Minor Destruction |       |     1 |     5 ||     6
  Use: Scroll            |     5 |     4 |     4 ||    13
       Potion            |       |     2 |     2 ||     4
 Stab: Sleeping          |     2 |       |       ||     2
Armor: Ring mail         |    79 |    97 |    16 ||   192
       Robe              |     1 |       |       ||     1
       Chain mail        |       |       |   110 ||   110
Dodge: Dodged            |    97 |   125 |    93 ||   315
